 Dungeon Crawl Stone Soup version 0.26-a0-810-ge1a9524b62 (webtiles) character file.

Game seed: 12459844996423677080

223 muata the Skirmisher (level 5, -1/48 HPs)
             Began as a Minotaur Berserker on Nov 13, 2020.
             Was a Priest of Trog.
             Slain by a lemure (3 damage)
             ... led by Pikel
             ... on level 4 of the Dungeon.
             The game lasted 00:08:16 (2919 turns).

muata the Skirmisher (Minotaur Berserker)           Turns: 2919, Time: 00:08:16

Health: -1/48      AC: 14    Str: 23    XL:     5   Next: 66%
Magic:  4/4        EV:  9    Int:  4    God:    Trog [***...]
Gold:   77         SH:  0    Dex:  9    Spells: 4/4 levels left

rFire    + . .     SeeInvis .   s - +0 morningstar (protect)
rCold    . . .     Faith    .   (no shield)
rNeg     . . .     Spirit   .   z - +2 chain mail {rF+}
rPois    .         Reflect  .   (helmet restricted)
rElec    .         Harm     .   (no cloak)
rCorr    .         Rampage  .   q - +0 pair of gloves
MR       .....                  r - +0 pair of boots
Stlth    ..........             (no amulet)
HPRegen  0.16/turn              (no ring)
MPRegen  0.09/turn              (no ring)

@: berserk cooldown, slowed, very slow
A: retaliatory headbutt, horns 2
a: Berserk, Trog's Hand, Renounce Religion


You were on level 4 of the Dungeon.
You worshipped Trog.
Trog was most pleased with you.
You visited 1 branch of the dungeon, and saw 4 of its levels.

You collected 77 gold pieces.

Inventory:

Hand Weapons
 a - a +0 hand axe
 s - a +0 morningstar of protection (weapon)
Armour
 k - a +0 scale mail
 q - a +0 pair of gloves (worn)
 r - a +0 pair of boots (worn)
 z - a +2 chain mail of fire resistance (worn)
Jewellery
 i - an uncursed ring of see invisible {unknown}
Wands
 t - a wand of iceblast (9)
 x - a wand of random effects (17)
Scrolls
 f - 2 scrolls of identify {unknown}
 g - a scroll of fear {unknown}
 m - 2 scrolls of fog {unknown}
 n - a scroll of teleportation {unknown}
 u - a scroll of random uselessness {unknown}
 v - a scroll of enchant armour {unknown}
 w - a scroll of magic mapping {unknown}
 y - 2 scrolls of remove curse {unknown}
Potions
 b - 2 potions of invisibility
 c - a potion of attraction {unknown}
 d - 3 potions of curing {unknown}
 e - a potion of resistance {unknown}
 h - 2 potions of magic {unknown}
 j - a potion of mutation {unknown}
 l - 3 potions of flight {unknown}
 o - 2 potions of degeneration {unknown}
 p - a potion of brilliance {unknown}


   Skills:
 + Level 5.4 Fighting
 - Level 5.2(5.3) Axes
 + Level 0.2(3.2) Maces & Flails
 + Level 4.5 Armour
 - Level 2.2 Dodging


You had 4 spell levels left.
You didn't know any spells.
Your spell library was empty.

Dungeon Overview and Level Annotations

Branches:
Dungeon (4/15)
 Temple: D:4-7

Altars:
Dithmenos
Trog

Annotations:
D:4 Pikel


Innate Abilities, Weirdness & Mutations

You reflexively headbutt those who attack you in melee.
You have a pair of horns on your head.


Message History

Pikel hits you with a +0 whip of flaming.
The lemure hits you! The gnoll closely misses you. You furiously retaliate!
You headbutt the gnoll. The gnoll hits you but does no damage.
The lemure hits you but does no damage. x2
You barely miss Pikel.
Pikel is lightly wounded.
Your skin stops crawling.
You feel less resistant to hostile enchantments.
The gnoll barely misses you. Pikel hits you but does no damage.
The lemure hits you.
* * * LOW HITPOINT WARNING * * *
The gnoll barely misses you. The gnoll misses you.
The lemure hits you but does no damage. The lemure closely misses you.
The gnoll hits you but does no damage. The lemure hits you but does no damage.
Pikel hits you with a +0 whip of flaming!
* * * LOW HITPOINT WARNING * * *
The gnoll hits you.
* * * LOW HITPOINT WARNING * * *
The gnoll hits you but does no damage. The lemure hits you.
You die...

...................##.....##
...................#.......##
.......................<....#
....................[.#...###
#...<...$.......>.....#....#
.....................##...##
.....#..............##...##
.....#.....55........ ...#
#..........g@....##..##..#
#....$.....g5K..###.. #..#
..........g.......
..................
..................
#.!..............
##..............
...#...........


You could see Pikel, 3 lemures and 3 gnolls.

Vanquished Creatures
  A lemure (D:4)
  A bullfrog skeleton (D:3)
  Terence (D:2)
  6 adders
  2 oozes
  7 dart slugs
  A leopard gecko (D:1)
  9 orcs (D:3)
  9 bats
  4 giant cockroaches
  5 goblins
  11 hobgoblins
  2 jackals (D:1)
  4 kobolds
  2 quokkas (D:2)
  2 ball pythons
  3 frilled lizards
  14 rats
84 creatures vanquished.

Notes
Turn   | Place    | Note
-------+----------+-------------------------------------------
     0 | D:1      | muata the Minotaur Berserker began the quest for the Orb.
     0 | D:1      | Reached XP level 1. HP: 19/19 MP: 0/0
   173 | D:1      | Reached XP level 2. HP: 27/27 MP: 1/1
   558 | D:1      | Reached XP level 3. HP: 30/33 MP: 2/2
  1055 | D:1      | Found a shadowy altar of Dithmenos.
  1132 | D:2      | Reached ** piety under Trog
  1387 | D:2      | Reached XP level 4. HP: 31/41 MP: 3/3
  1504 | D:2      | Noticed Terence
  1510 | D:2      | Killed Terence
  1685 | D:2      | Reached skill level 5 in Fighting
  1926 | D:2      | Found a faded altar of an unknown god.
  2122 | D:3      | Reached skill level 5 in Axes
  2122 | D:3      | Reached XP level 5. HP: 48/48 MP: 4/4
  2235 | D:3      | Reached *** piety under Trog
  2542 | D:3      | Found a bloodstained altar of Trog.
  2903 | D:4      | Noticed a lemure
  2904 | D:4      | Noticed a lemure
  2906 | D:4      | Noticed a lemure
  2908 | D:4      | Noticed Pikel
  2910 | D:4      | Noticed a lemure
  2912 | D:4      | Killed a lemure
  2919 | D:4      | HP: 2/48 [gnoll (3)]
  2919 | D:4      | Slain by a lemure

Illustrated notes

Levels and vault maps discovered:
D:1:      dpeg_arrival_water_altar, layout_basic
D:2:      minmay_alternating_diamond, layout_basic,
          chequers_ecumenical_altar_grove, uniq_terence
D:3:      layout_basic, trog_three_pillars_becter, uniq_crazy_yiuf_cottage
D:4:      layout_cave_pools, uniq_grinder, uniq_sigmund, uniq_pikel

Skill      XL: |  1  2  3  4 |
---------------+-------------+-----
Fighting       | 4 5 |  5.4
Axes           | 4 5 |  5.2
Armour         | 3 4 |  4.5
Maces & Flails | |  0.2
Dodging        | |  2.2

Action                   |  1- 3 |  4- 6 || total
-------------------------+-------+-------++-------
Melee: Hand axe          |    89 |    49 ||   138
       Headbutt          |    13 |    20 ||    33
       Morningstar       |       |    34 ||    34
Invok: Berserk           |     3 |     3 ||     6
       Trog's Hand       |       |     2 ||     2
Armor: Animal skin       |    10 |       ||    10
       Scale mail        |    11 |    34 ||    45
       Chain mail        |       |    40 ||    40
Dodge: Dodged            |    63 |    76 ||   139

Table legend: (Time is in decaauts)
 A = Elapsed time spent in this place.
 B = Non-inter-level travel time spent in this place.
 C = Inter-level travel time spent in this place.
 D = Time resting spent in this place.
 E = Time spent auto-exploring this place.
 F = Levels seen in this place.
 G = Mean time per level.
                   A        B        C        D        E       F      G
               +--------+--------+--------+--------+--------+-----+--------+
         Total |   2991 |   2830 |    161 |    187 |   2093 |   4 |  747.8 |
       Dungeon |   2991 |   2830 |    161 |    187 |   2093 |   4 |  747.8 |
               +--------+--------+--------+--------+--------+-----+--------+

Top non-repeatable levels by time:
     D:1: 1105 daAuts
     D:2: 1050 daAuts
     D:3: 792 daAuts
     D:4: 44 daAuts
